Description

This replay comes from a Tournament: Kelazhur vs Cham.

This build order is a Hellion / Banshee timing.

VOD

https://youtu.be/WntandCKbY8

Replay - tvz hellion banshee

Build Order

Get SALT Encoding   

  12  0:00  SCV  
  13  0:12  SCV  
  14  0:17  Supply Depot  
  14  0:25  SCV  
  15  0:38  SCV  
  15  0:39  Barracks  
  16  0:43  Refinery  
  16  0:50  SCV  
  17  1:02  SCV  
  18  1:14  SCV  
  19  1:26  Reaper  
  19  1:27  Orbital Command  
  20  1:38  Command Center  
  20  1:47  Supply Depot  
  20  1:52  SCV  
  21  1:58  Marine  
  22  2:02  Factory  
  22  2:05  SCV  
  23  2:14  Refinery  
  23  2:17  SCV  
  23  2:19  Barracks Reactor  
  26  2:50  Orbital Command, Starport  
  27  3:00  Hellion x2  
  27  3:05  Barracks Tech Lab  
  34  3:21  Hellion x2  
  34  3:22  Supply Depot  
  38  3:33  Banshee  
  43  3:34  Cloaking Field  
  43  3:43  Hellion x2  
  43  3:48  Supply Depot  
  50  3:58  Supply Depot  
  51  4:08  Hellion x2  
  56  4:16  Banshee  
  61  4:29  Command Center  
  63  4:41  Hellion x2  
  68  4:50  Armory  
  70  5:01  Banshee  
  75  5:19  Refinery x2  
  82  5:41  Factory x2  
Spawning Tool Build Advisor. Get it on Overwolf

Go to:

Details

  • Created by: zuka      
  • Published on: Jun 27, 2020
  • Patch: 4.11.0
  • Difficulty: Easy
Show
View Real Time Build Order
Export as new Build Order

Comments (0)

There are no comments. Be the first!

Create an account to comment!